 Dungeon Crawl Stone Soup version 0.23.0 (webtiles) character file.

Game seed: 17260427254764524678

1899 Monsterracer the Cleaver (level 8, -3/73 HPs)
             Began as a Minotaur Berserker on Feb 9, 2019.
             Was an Elder of Trog.
             Slain by Prince Ribbit (12 damage)
             ... on level 6 of the Dungeon.
             The game lasted 00:04:41 (4631 turns).

Monsterracer the Cleaver (Minotaur Berserker)       Turns: 4631, Time: 00:04:42

Health: -3/73      AC:  0    Str: 23    XL:     8   Next: 93%
Magic:  7/7        EV: 15    Int:  4    God:    Trog [****..]
Gold:   129        SH:  0    Dex: 11    Spells: 7/7 levels left

rFire    . . .     SeeInvis .   (no weapon)
rCold    . . .     Gourm    .   (no shield)
rNeg     . . .     Faith    .   (no armour)
rPois    .         Spirit   .   (helmet restricted)
rElec    .         Reflect  .   (no cloak)
rCorr    .         Harm     .   (no gloves)
MR       .....                  (no boots)
Stlth    +.........             (no amulet)
HPRegen  0.22/turn              (no ring)
MPRegen  0.10/turn              p - ring of wizardry

@: no status effects
A: retaliatory headbutt, horns 2
a: Berserk, Trog's Hand, Brothers in Arms, Renounce Religion


You were on level 6 of the Dungeon.
You worshipped Trog.
Trog was greatly pleased with you.
You were hungry.

You visited 1 branch of the dungeon, and saw 7 of its levels.
You also visited: Sewer.

You collected 194 gold pieces.
You spent 65 gold pieces at shops.

Inventory:

Armour
 b - a +1 animal skin
Jewellery
 p - a ring of wizardry (right hand)
Scrolls
 f - a scroll of identify
 k - a scroll of amnesia
 r - a scroll of remove curse
 t - 2 scrolls of teleportation
 X - 2 scrolls of blinking
Potions
 d - 3 potions of degeneration
 e - a potion of might
 g - a potion of curing {unknown}
 l - 3 potions of lignification {unknown}
 m - 5 potions of heal wounds
 n - a potion of haste {unknown}
 o - 4 potions of flight {unknown}
 q - a potion of cancellation {unknown}
 s - a potion of ambrosia {unknown}
Comestibles
 c - 9 rations


   Skills:
 + Level 7.2 Fighting
   Level 9.5 Axes
 + Level 6.6 Armour
 + Level 6.1 Dodging


You had 7 spell levels left.
You didn't know any spells.
Your spell library was empty.

Dungeon Overview and Level Annotations

Branches:
Dungeon (7/15)             Temple (0/1) D:5

Altars:
Ashenzari
Kikubaaqudgha
Ru
Trog
Wu Jian

Shops:
D:5 !

Annotations:
D:6 Prince Ribbit


Innate Abilities, Weirdness & Mutations

You reflexively headbutt those who attack you in melee.
You have a pair of horns on your head.


Message History

The adder zombie misses you. Prince Ribbit misses you.
The adder zombie completely misses you.
Prince Ribbit blinks!
You hit the adder zombie but do no damage.
You headbutt the adder zombie!
The adder zombie is severely damaged.
The adder zombie bites you.
You hit the adder zombie.
The adder zombie is almost destroyed.
The adder zombie bites you.
You take 2 damage, and have 69/73 hp.
You completely miss the adder zombie.
The adder zombie is almost destroyed.
The adder zombie barely misses you. You furiously retaliate!
You headbutt the adder zombie.
You destroy the adder zombie!
Trog accepts your kill. Prince Ribbit hits you.
You take 6 damage, and have 63/73 hp.
Prince Ribbit lets out a mournful croak.
Prince Ribbit blinks!
Prince Ribbit misses you. Prince Ribbit completely misses you.
Prince Ribbit barely misses you. Prince Ribbit completely misses you.
You furiously retaliate!
You headbutt Prince Ribbit!
Prince Ribbit blinks!
Prince Ribbit completely misses you. Prince Ribbit barely misses you.
There is an escape hatch in the ceiling here.
Prince Ribbit closely misses you. A mysterious force pulls you upwards.
The hatch slams shut behind you.
Unknown command.
Drop what? 21/52 slots (_ for help) (? for menu, Esc to quit)
Okay, then.
Unknown command.
Drop what? 21/52 slots (_ for help) (? for menu, Esc to quit)
Prince Ribbit misses you. You furiously retaliate!
You headbutt Prince Ribbit! Prince Ribbit closely misses you.
Keep disrobing?
You start removing your armour.
You continue taking off your +1 animal skin.
Prince Ribbit hits you.
You continue taking off your +1 animal skin.
Prince Ribbit closely misses you.
You continue taking off your +1 animal skin.
Prince Ribbit barely misses you. You furiously retaliate!
You headbutt Prince Ribbit!
Prince Ribbit blinks!
You continue taking off your +1 animal skin.
You finish taking off your +1 animal skin.
Drop what? 21/52 slots (_ for help) (? for menu, Esc to quit)
You remove your amulet of the acrobat.
Prince Ribbit casts a spell.
Prince Ribbit looks slightly unstable.
You drop an uncursed amulet of the acrobat.
Drop what? 20/52 slots (_ for help) (? for menu, Esc to quit)
You remove your +3 ring of strength.
You feel weaker.
You drop a +3 ring of strength.
Prince Ribbit completely misses you.
Prince Ribbit disappears!
All of the chunks of flesh in your inventory have rotted away.
You start resting.
HP restored.
Health restored: 73
Things that are here:
a +3 ring of strength; an uncursed amulet of the acrobat Level map cleared.
Things that are here:
a +3 ring of strength; an uncursed amulet of the acrobat You are feeling hungry.
You see here 4 poisoned needles.
Prince Ribbit is too close now for your liking.
Prince Ribbit is nearby!
Drop what? 18/52 slots (_ for help) (? for menu, Esc to quit)
You are now empty-handed.
You drop a +0 war axe.
Prince Ribbit croaks.
You stop training Axes.
Prince Ribbit hits you!
You take 17 damage, and have 56/73 hp.
MASSIVE DAMAGE!!
Prince Ribbit blinks!
Prince Ribbit misses you. Prince Ribbit closely misses you.
Prince Ribbit hits you.
Prince Ribbit blinks!
You take 1 damage, and have 56/73 hp.
Prince Ribbit hops awkwardly around.
Prince Ribbit misses you. Prince Ribbit hits you!
You take 17 damage, and have 40/73 hp.
MASSIVE DAMAGE!!
Prince Ribbit barely misses you. Prince Ribbit misses you.
Prince Ribbit hits you! Prince Ribbit closely misses you.
You furiously retaliate!
You headbutt Prince Ribbit.
You take 12 damage, and have 28/73 hp.
Prince Ribbit hits you!
* * * LOW HITPOINT WARNING * * *
You take 14 damage, and have 14/73 hp.
Prince Ribbit hits you.
* * * LOW HITPOINT WARNING * * *
Prince Ribbit closely misses you.
You take 5 damage, and have 9/73 hp.
Prince Ribbit hits you!
You die...

**,_,*,*,,,*,'*******',,,*,,,*
*,
*****>**,*#......,,,,,,,,,,,***,
*,**,**..#...,,,,,,,,*,*,,,,
*,**,**#....##,,,,****,**,*,
*,,,,,,,......,,,,****,,,,*,
****,,,,,....,,,*,,,,,,**,*,
******#..#****,****>**,*, #.F#
**,** *,**,*, #.@# *,,,* *,**,*,
#..# ************* #..#
**,*,*,******
#..#**,⌠,*,⌠,*,,,**
#..#*,*,*,*,*,*,*,*
#..#,,,*,⌠,*,⌠,*,⌠,
#..#⌠,⌠,*,*,*,*,*,,
#..#,_,,,*,⌠,*,⌠,*,
#######..#⌠,⌠,*,*,*,*,*,,


You could see Prince Ribbit.

Vanquished Creatures
  A water moccasin (D:6)
  An ice beast (D:5)
  2 sky beasts (D:6)
  A phantom (D:6)
  5 centaurs
  A big kobold (Sewer)
  2 bullfrogs (D:6)
  2 scorpions (D:4)
  A howler monkey (D:6)
  2 vampire bats (D:6)
  A crimson imp (D:5)
  A jelly (D:7)
  3 orc priests (D:6)
  2 hounds
  2 orc wizards
  3 iguanas
  A worker ant (D:6)
  2 hound skeletons
  A gnoll (D:4)
  11 adders
  3 river rats
  An adder zombie (D:7)
  2 worms (D:2)
  A dart slug (D:2)
  3 leopard geckos
  4 orcs
  3 bat skeletons (D:6)
  3 bat zombies (D:6)
  2 giant cockroaches (D:5)
  6 goblins
  5 hobgoblins
  17 jackals
  3 quokkas
  3 ball pythons
  4 frilled lizards (D:2)
  9 kobolds
  A quokka zombie (D:6)
  11 rats
126 creatures vanquished.

Notes
Turn   | Place    | Note
-------+----------+-------------------------------------------
     0 | D:1      | Monsterracer the Minotaur Berserker began the quest for the
                  | Orb.
     0 | D:1      | Reached XP level 1. HP: 19/19 MP: 0/0
   575 | D:2      | Reached skill level 4 in Axes
   575 | D:2      | Reached XP level 2. HP: 27/27 MP: 1/1
   581 | D:2      | Found a bloodstained altar of Trog.
   711 | D:3      | Reached XP level 3. HP: 33/33 MP: 2/2
   775 | D:3      | Reached ** piety under Trog
  1356 | D:4      | Noticed a scorpion
  1361 | D:4      | Killed a scorpion
  1361 | D:4      | Reached skill level 5 in Axes
  1361 | D:4      | Reached XP level 4. HP: 41/41 MP: 3/3
  1495 | D:4      | Reached XP level 5. HP: 32/47 MP: 4/4
  1694 | D:5      | Entered Level 5 of the Dungeon
  1775 | D:5      | Found Sanus's Distillery.
  1783 | D:5      | Reached XP level 6. HP: 52/55 MP: 5/5
  1798 | D:5      | Bought a potion of heal wounds for 65 gold pieces
  1817 | D:5      | Noticed an ice beast
  1821 | D:5      | Killed an ice beast
  1821 | D:5      | Reached skill level 5 in Fighting
  1821 | D:5      | Reached skill level 6 in Axes
  1841 | D:5      | Found a staircase to the Ecumenical Temple.
  1876 | D:5      | Reached XP level 7. HP: 22/61 MP: 6/6
  1946 | D:5      | Found a shattered altar of Ashenzari.
  2087 | D:5      | Found a glowing drain.
  2102 | Sewer    | Entered a sewer
  2182 | Sewer    | Reached skill level 7 in Axes
  2368 | Sewer    | Found a white marble altar of Elyvilon.
  2465 | D:6      | Reached skill level 5 in Armour
  2473 | D:6      | Reached *** piety under Trog
  2519 | D:6      | Found a sacrificial altar of Ru.
  2578 | D:6      | Reached skill level 5 in Dodging
  2582 | D:6      | Reached skill level 8 in Axes
  2582 | D:6      | Reached XP level 8. HP: 9/70 MP: 7/7
  2582 | D:6      | HP: 5/105 [phantom (4)]
  2903 | D:6      | Found an ornate altar of the Wu Jian Council.
  3576 | D:6      | Reached skill level 9 in Axes
  3797 | D:6      | Found an ancient bone altar of Kikubaaqudgha.
  4128 | D:7      | Reached **** piety under Trog
  4432 | D:7      | Noticed Prince Ribbit
  4631 | D:6      | Slain by Prince Ribbit

Skill      XL: |  1  2  3  4  5  6  7  8 |
---------------+-------------------------+-----
Axes           | 4 5 6 8 9 |  9.5
Fighting       | 4 5 6 7 |  7.2
Armour         | 3 4 5 6 |  6.6
Dodging        | 3 4 5 6 |  6.1

Action                   |  1- 3 |  4- 6 |  7- 9 || total
-------------------------+-------+-------+-------++-------
Melee: Hand axe          |    69 |    23 |       ||    92
       Headbutt          |     6 |    10 |    31 ||    47
       War axe           |       |    15 |   164 ||   179
Invok: Berserk           |     3 |     1 |     2 ||     6
  Use: Scroll            |       |     5 |     5 ||    10
 Stab: Sleeping          |       |     1 |     3 ||     4
  Eat: Chunk             |     3 |     3 |    11 ||    17
Armor: Animal skin       |     6 |       |    28 ||    34
Dodge: Dodged            |    48 |    43 |   182 ||   273

Levels and vault maps discovered:
D:1:      dpeg_arrival_leaves_temple_mockup, layout_basic, hex_large,
          nrook_mini_vaults
D:2:      layout_basic, bloody_trog
D:3:      layout_loops_ring, overflow_temple_1_default, uniq_crazy_yiuf_cottage
D:4:      layout_rooms, grunt_gozag_breadcrumbs, uniq_sigmund
D:5:      layout_gridville, nicolae_overflow_crystal_walls,
          minmay_temple_entry_glass, portal_sewer_entry_e, serial_shops,
          nicolae_shop_stone, first_ration, minmay_misc_feat_enclosed,
          minivault_4
D:6:      layout_loops_ring, overflow_temple_1_default,
          kennysheep_vampire_church, nicolae_ru_great_annihilating_truth
D:7:      layout_basic, gammafunk_ghost_smash, grunt_decor_one_mirror,
          uniq_prince_ribbit1
Sewer:    sewer_kobolds
